Map: Oxide LE

Players

ShoWTimE - Winner!

  • Race: Protoss Protoss
  • League: Grandmaster

FindMyAppie

  • Race: Terran Terran
  • League: Grandmaster

VOD

Have the link to the VOD?

Description

Time

  • Played on: Aug. 28, 2021, 2:35 p.m.
  • Length: 10:53
Show
View Real Time Build Order
Export as new Build Order

ShoWTimE Protoss - Winner!

Build Orders: 1 Gate Expand, Blink Stalkers 

Get SALT Encoding   

  12  0:00  Probe  
  13  0:12  Probe  
  14  0:18  Pylon  
  14  0:24  Probe (Chrono Boost)  
  15  0:37  Probe (Chrono Boost), Gateway  
  16  0:45  Probe (Chrono Boost)  
  16  0:46  Assimilator  
  17  0:51  Probe  
  18  1:03  Probe  
  19  1:15  Probe  
  20  1:22  Nexus  
  20  1:31  Cybernetics Core  
  20  1:34  Probe  
  21  1:41  Assimilator  
  21  1:46  Probe  
  22  1:50  Pylon  
  22  1:59  Probe  
  23  2:05  Adept (Chrono Boost)  
  23  2:07  Warp Gate  
  25  2:11  Probe  
  26  2:19  Twilight Council  
  26  2:23  Probe  
  27  2:37  Probe (Chrono Boost)  
  27  2:39  Probe (Chrono Boost)  
  27  2:41  Stalker  
  30  2:50  Probe (Chrono Boost)  
  32  2:52  Probe (Chrono Boost)  
  32  2:53  Gateway  
  32  2:55  Probe (Chrono Boost)  
  33  2:59  Blink (Chrono Boost)  
  33  3:00  Probe  
  34  3:09  Probe  
  34  3:12  Probe  
  36  3:21  Robotics Facility, Probe  
  36  3:24  Probe  
  38  3:33  Probe  
  39  3:36  Probe  
  40  3:45  Probe  
  41  3:49  Probe  
  41  3:52  Nexus  
  41  3:55  Pylon, Stalker  
  43  4:04  Probe x2  
  43  4:08  Assimilator, Observer  
  46  4:14  Stalker  
  48  4:17  Probe x2  
  48  4:21  Stalker  
  52  4:24  Pylon  
  52  4:29  Probe, Observer  
  54  4:42  Probe x2  
  56  4:45  Stalker x2  
  56  4:48  Pylon  
  60  4:54  Observer  
  60  4:55  Probe  
  62  5:04  Probe (Chrono Boost)  
  60  5:07  Probe (Chrono Boost)  
  60  5:08  Stalker x2  
  60  5:10  Probe (Chrono Boost)  
  57  5:16  Probe (Chrono Boost)  
  57  5:18  Probe (Chrono Boost)  
  56  5:22  Probe (Chrono Boost)  
  56  5:23  Probe x2 (Chrono Boost)  
  58  5:29  Charge  
  58  5:30  Probe  
  58  5:31  Probe  
  58  5:33  Probe  
  60  5:36  Gateway  
  60  5:37  Gateway  
  60  5:42  Probe  
  61  5:43  Probe  
  61  5:44  Sentry  
  61  5:45  Gateway, Sentry, Probe  
  61  5:49  Observer  
  68  5:54  Probe  
  68  5:55  Probe  
  68  5:56  Gateway  
  70  5:57  Probe  
  71  6:06  Probe (Chrono Boost)  
  71  6:07  Probe (Chrono Boost)  
  71  6:12  Stalker x2  
  71  6:14  Probe (Chrono Boost)  
  78  6:18  Probe (Chrono Boost)  
  78  6:19  Probe (Chrono Boost)  
  78  6:21  Pylon  
  78  6:22  Pylon  
  78  6:24  Probe (Chrono Boost)  
  78  6:25  Probe x2 (Chrono Boost)  
  80  6:29  Probe (Chrono Boost)  
  80  6:31  Gateway x2  
  82  6:34  Probe x2  
  82  6:39  Pylon  
  84  6:40  Probe  
  84  6:46  Probe  
  84  6:47  Probe  
  88  6:55  Probe (Chrono Boost)  
  88  7:00  Probe (Chrono Boost)  
  88  7:01  Forge  
  90  7:02  Assimilator  
  90  7:03  Templar Archives, Probe (Chrono Boost)  
  90  7:04  Assimilator, Forge  
  90  7:07  Assimilator  
  91  7:08  Immortal  
  91  7:09  Probe (Chrono Boost)  
  91  7:10  Probe (Chrono Boost)  
  91  7:12  Probe (Chrono Boost)  
  97  7:17  Probe  
  97  7:18  Stalker x2  
  97  7:19  Probe  
  97  7:21  Pylon  
  103  7:29  Pylon  
  103  7:31  Pylon  
  103  7:34  Pylon  
  103  7:35  Pylon  
  103  7:39  Zealot x3, Protoss Ground Armor Level 1 (Chrono Boost)  
  103  7:43  Shield Battery  
  106  7:45  Sentry  
  106  7:46  Shield Battery  
  106  7:48  Immortal (Chrono Boost)  
  112  7:54  Zealot  
  112  7:57  Zealot x2  
  118  8:00  High Templar  
  118  8:01  High Templar  
  118  8:05  Archon  
  122  8:10  Zealot x3  
  122  8:12  Probe  
  124  8:13  Probe  
  124  8:16  Probe  
  124  8:17  High Templar  
  128  8:21  Zealot x2  
  128  8:24  Probe  
  133  8:30  Pylon  
  133  8:32  Zealot x3, Pylon, Protoss Ground Weapons Level 1 (Chrono Boost)  
  133  8:33  Zealot  
  141  8:35  Psionic Storm  
  141  8:36  Pylon  
  135  8:47  High Templar x3  
  135  8:48  Probe  
  128  8:51  Zealot  
  128  8:57  Zealot x4  
  128  9:02  Pylon  
  133  9:12  Nexus  
  133  9:15  Stalker  
  133  9:16  Pylon  
  135  9:20  Warp Prism (Chrono Boost)  
  137  9:26  Photon Cannon  
  137  9:29  Probe  
  137  9:30  Probe x2  
  140  9:37  Zealot x4  
  148  9:41  Probe  
  149  9:47  Zealot x3  
  149  9:50  Probe  
  154  9:58  Robotics Bay  
  154  10:00  Robotics Facility  
  154  10:01  Photon Cannon  
  153  10:17  High Templar x2  
  153  10:18  Zealot x5  
  167  10:21  Archon  
  167  10:28  Probe x2  
  167  10:29  Probe x2  
  165  10:48  Archon  
  165  10:49  Archon  
  155  10:50  Zealot x8  
Show
View Real Time Build Order
Export as new Build Order

FindMyAppie Terran 

Build Orders: Reaper Expand 

Get SALT Encoding   

  12  0:00  SCV  
  13  0:12  SCV  
  14  0:17  Supply Depot  
  14  0:24  SCV  
  15  0:38  SCV  
  15  0:39  Barracks  
  16  0:42  Refinery  
  16  0:50  SCV  
  17  1:03  SCV  
  18  1:15  SCV  
  19  1:26  Reaper  
  19  1:27  Orbital Command  
  20  1:46  Command Center  
  20  1:53  SCV  
  21  1:58  Marine  
  21  2:00  Supply Depot  
  22  2:05  SCV  
  23  2:10  Factory  
  23  2:21  Marine, SCV  
  25  2:27  Bunker  
  25  2:33  SCV  
  25  2:36  Refinery  
  26  2:41  Barracks Reactor  
  26  2:45  SCV  
  27  2:55  Hellion  
  27  2:57  Starport  
  27  2:58  Orbital Command  
  29  3:03  SCV  
  30  3:15  SCV  
  30  3:16  Hellion  
  30  3:18  Marine  
  30  3:19  Marine  
  35  3:25  Supply Depot, SCV  
  37  3:27  SCV  
  37  3:35  Medivac  
  37  3:36  Marine x2  
  37  3:40  Hellion  
  43  3:43  SCV  
  43  3:44  SCV  
  46  3:55  SCV  
  46  3:56  Supply Depot  
  46  3:57  Marine x2  
  47  4:04  Factory Tech Lab, SCV  
  47  4:07  SCV  
  47  4:09  Starport Tech Lab  
  49  4:16  Marine x2, Supply Depot, SCV  
  52  4:19  SCV  
  52  4:24  Siege Tank  
  56  4:28  SCV  
  56  4:29  Command Center  
  57  4:32  Raven  
  57  4:35  Marine x2  
  61  4:41  SCV x2  
  63  4:53  SCV x2  
  63  4:54  Barracks  
  63  4:55  Barracks  
  63  4:56  Siege Tank  
  63  4:58  Marine x2  
  70  5:17  SCV x2  
  70  5:20  Marine  
  65  5:28  Refinery  
  65  5:29  Refinery, SCV x2  
  65  5:34  Supply Depot  
  67  5:41  SCV x3, Siege Tank  
  73  5:49  Bunker  
  73  5:53  SCV x2  
  73  5:54  Stimpack  
  73  5:55  Barracks Tech Lab, Orbital Command  
  75  6:04  Marine x2  
  75  6:05  SCV  
  75  6:06  Starport Reactor, SCV  
  75  6:13  Hellion  
  75  6:14  Marauder, Combat Shield  
  75  6:15  Marauder  
  75  6:17  SCV  
  81  6:18  SCV  
  81  6:23  SCV  
  83  6:29  SCV  
  83  6:30  SCV  
  83  6:31  Engineering Bay x2  
  85  6:36  Marauder, SCV  
  85  6:37  Marauder  
  90  6:41  SCV  
  90  6:43  SCV  
  90  6:44  Marine  
  93  6:51  Medivac x2, Marine, Supply Depot, Siege Tank  
  101  6:58  SCV  
  101  6:59  SCV x2  
  101  7:00  Terran Infantry Weapons Level 1  
  102  7:02  Terran Infantry Armor Level 1  
  102  7:04  Marine  
  102  7:05  Marauder  
  102  7:08  Marauder  
  107  7:12  Supply Depot  
  107  7:25  Orbital Command  
  107  7:26  Marauder  
  107  7:28  Barracks x2  
  107  7:29  Marauder  
  111  7:34  Marine x2  
  112  7:38  SCV x2  
  112  7:46  Supply Depot  
  112  7:47  Supply Depot  
  112  7:48  Marauder  
  112  7:50  SCV  
  112  7:51  Marauder  
  116  7:52  Medivac x2  
  120  8:01  Marine  
  120  8:02  Widow Mine  
  120  8:10  SCV x3  
  120  8:11  Refinery  
  120  8:12  Refinery  
  120  8:17  Ghost Academy  
  120  8:22  Medivac, SCV  
  120  8:23  Armory  
  120  8:26  Marauder, Marine x2  
  120  8:27  Marauder  
  129  8:28  Barracks Reactor  
  129  8:29  Armory  
  129  8:31  SCV  
  129  8:33  SCV  
  131  8:38  Barracks Reactor  
  127  8:44  Marine x2  
  127  8:48  Marauder  
  117  8:50  Marine  
  117  8:52  Medivac x2, Widow Mine  
  118  8:58  SCV x3  
  118  9:02  Marine x2  
  119  9:07  Marine x2  
  119  9:09  Marauder x2  
  118  9:10  SCV x2  
  118  9:11  SCV  
  118  9:16  Enhanced Shockwaves  
  121  9:19  Marine  
  121  9:22  SCV  
  121  9:23  Medivac x2, Marine x3  
  130  9:25  Marine x2, Widow Mine  
  130  9:30  Marauder  
  130  9:31  Marauder, SCV x2  
  140  9:34  SCV  
  141  9:41  Supply Depot  
  141  9:42  Supply Depot  
  141  9:45  Marine x2  
  141  9:46  Marine  
  138  9:53  Marine x3  
  138  9:54  Marauder x2  
  138  9:58  Supply Depot  
  141  10:01  Widow Mine, Supply Depot  
  141  10:03  Marine x2  
  145  10:08  Bunker  
  145  10:10  Supply Depot  
  145  10:13  Missile Turret  
  145  10:14  Ghost  
  145  10:15  Ghost  
  145  10:16  Missile Turret  
  145  10:18  Missile Turret  
  145  10:19  Missile Turret  
  145  10:20  Medivac  
  145  10:21  Medivac, Marine x2  
  153  10:23  Marine  
  153  10:24  Marine  
  153  10:25  Marine  
  153  10:26  Marine  
  153  10:28  Orbital Command x3  
  159  10:40  Barracks  
  159  10:41  Barracks  
Tags
 
Add a new tag
Caveats
  • Supply blocks, unpowered buildings, or Contaminate may cause inaccurate times.
  • Supply counts are checked every 10 seconds.